cohdb
Replays
Latest Replays
All Replays
Popular Replays
Top Player Replays
Match Explorer
How It Works
Community
CoH3 Stats
Reddit
Sign in to upload your games and track your stats! →
Sign in with Steam
Match 31943917
Unlisted
Match 31943917
Overview
Messages
Build Orders
End
Kettenkrad Recon Vehicle
Construct Infanterie Kompanie
MG 42 Machine Gun Team
MG 42 Machine Gun Team
GrW 34 Mortar Team
Construct Panzergrenadier Kompanie
251 Medium Carrier
Selects Mechanized Battlegroup
Selects Mobile Repair Stations
251 Medium Carrier
Medical Station
Panzergrenadier Squad
Pak 40 Anti-tank Gun Team
Panzergrenadier Squad
Selects Raid Package
Panzergrenadier Squad
Construct Panzer Kompanie
Selects Wespe Self-propelled Artillery
Panzer IV Medium Tank
Lupin
SAS
Danh Vo
Paranomous
[EASY] CLUBs37
达拉姆第一开矿者卡尔大理石
If my team noob, I GO OUT
Freiheit
0
0
Comments
sign in to comment!
No comments posted yet!